 Dungeon Crawl Stone Soup version bcrawl-1.18.1 (webtiles) character file.

Game seed: 9508684525493305769

37 Freyura the Skirmisher (level 3, -4/29 HPs)
             Began as a Demonspawn Abyssal Knight on Nov 8, 2019.
             Was a Follower of Lugonu.
             Slain by Sigmund
             ... wielding a +0 scythe
              (5 damage)
             ... on level 2 of the Dungeon.
             The game lasted 00:06:01 (1501 turns).

Freyura the Skirmisher (Demonspawn Abyssal Knight)  Turns: 1501, Time: 00:06:02

Health: -4/29      AC:  6    Str: 12    XL:     3   Next: 23%
Magic:  5/5        EV: 10    Int: 13    God:    Lugonu [*.....]
Gold:   65         SH:  0    Dex: 13    Spells: 2/2 levels left

rFire    . . .     SeeInvis .   a - +1 falchion
rCold    . . .     Gourm    .   (no shield)
rNeg     . . .     Faith    .   h - +0 ring mail
rPois    .         Spirit   .   (no helmet)
rElec    .         Reflect  .   (no cloak)
rCorr    .         Harm     .   (no gloves)
MR       .....                  (no boots)
Stlth    +.........             (no amulet)
HPRegen  0.09/turn              (no ring)
MPRegen  0.09/turn              (no ring)

@: no status effects
A: claws 1, rugged brown scales 1
a: Depart the Abyss, Renounce Religion


You were on level 2 of the Dungeon.
You worshipped Lugonu.
Lugonu was aware of your devotion.
You were not hungry.

You visited 1 branch of the dungeon, and saw 2 of its levels.
You visited the Abyss 1 time.

You collected 65 gold pieces.

Inventory:

Hand Weapons
 a - a +1 falchion (weapon)
Armour
 b - a +0 leather armour
 e - a +1 robe of fire resistance
 h - a +0 ring mail (worn)
Scrolls
 d - a scroll of remove curse {unknown}
 i - a scroll of identify {unknown}
Potions
 f - a potion of degeneration {unknown}
 g - a potion of haste
Comestibles
 c - 3 rations {!d}
 j - a chunk of flesh


   Skills:
 + Level 3.2 Fighting
 * Level 2.4 Long Blades
 + Level 2.1 Armour
 + Level 1.3 Dodging
 + Level 3.1 Invocations


You had 2 spell levels left.
You didn't know any spells.
Your spell library was empty.

Dungeon Overview and Level Annotations

Branches:
Dungeon (2/12)

Altars:

Annotations:
D:2 Sigmund, Terence


Innate Abilities, Weirdness & Mutations

You have sharp fingernails.
You are partially covered in rugged brown scales. (AC +1, +3% HP)


Message History

Terence closely misses you.
You barely miss Terence.
Terence is lightly wounded.
Terence barely misses you. Something hits you but does no damage.
Terence barely misses you.
You hit Terence.
Terence is moderately wounded.
Terence hits you with a +0 hand axe. Something hits you but does no damage.
You hit Terence.
Terence is severely wounded.
Terence hits you with a +0 hand axe. Terence hits you but does no damage.
Something hits you!
* * * LOW HITPOINT WARNING * * *
You hit Terence but do no damage.
Terence is severely wounded.
Terence barely misses you.
You hit Terence but do no damage.
Terence is severely wounded.
Terence hits you but does no damage. Something hits you.
You die...

.# #......#####
)###..≈≈≈≈≈≈≈≈##### .......
.##≈≈≈≈≈≈≈≈≈≈g≈≈≈≈##.8..8..
.≈≈≈≈≈≈≈≈≈≈≈≈≈≈≈≈≈≈≈≈8..8..
≈≈≈≈≈≈≈≈≈≈≈≈≈≈≈≈≈≈≈≈≈≈..≈..
≈≈≈≈≈≈≈≈####≈≈≈≈≈≈≈≈≈≈..≈≈≈
≈≈≈≈≈#######.###≈≈≈≈≈≈..≈≈≈
≈≈≈.######.....####≈≈≈..≈≈≈
≈#..##..........@@...≈..≈≈≈
#..#######.....#####.8..8#≈
...# #.....# .8..8# #..#
####### .@...# ..## .....#
### ....## #####


You could see Terence.

Vanquished Creatures
  A dart slug (D:1)
  3 giant cockroaches (D:1)
  2 goblins
  4 hobgoblins
  8 jackals
  5 bats
  2 frilled lizards (D:2)
  3 kobolds (D:1)
  3 rats
31 creatures vanquished.

Notes
Turn   | Place    | Note
-------+----------+-------------------------------------------
     0 | Abyss:1  | Freyura the Demonspawn Abyssal Knight began the quest for
                  | the Orb.
     0 | Abyss:1  | Reached XP level 1. HP: 18/18 MP: 2/2
    60 | Abyss:1  | Noticed a ynoxinul
    61 | D:1      | Escaped the Abyss
   459 | D:1      | Reached skill level 1 in Dodging
   587 | D:1      | Gained mutation: You are partially covered in rugged brown
                  | scales. (AC +1, +3% HP) [demonic ancestry]
   587 | D:1      | Reached XP level 2. HP: 5/24 MP: 4/4
   987 | D:1      | Reached * piety under Lugonu
  1367 | D:2      | Gained mutation: You have sharp fingernails. [demonic
                  | ancestry]
  1367 | D:2      | Reached XP level 3. HP: 29/29 MP: 5/5
  1485 | D:2      | Noticed Terence
  1486 | D:2      | Noticed Sigmund
  1499 | D:2      | HP: 1/29 [something (10)]
  1501 | D:2      | Slain by Sigmund

Skill      XL: |  1  2 |
---------------+-------+-----
Dodging        | 1 |  1.3
Long Blades    | 2 |  2.4
Armour         | 2 |  2.1
Invocations    | 3 |  3.1
Fighting       | |  3.2

Action                   || total
-------------------------++-------
Melee: Falchion          ||   109
Invok: Depart the Abyss  ||     1
  Eat: Chunk             ||     2
Armor: Leather armour    ||    30
       Ring mail         ||    36
Dodge: Dodged            ||    73
